[Event "*** Titled Tuesday Blitz"]
[Site "Chess.com"]
[Date "2020.12.01"]
[Round "10"]
[White "Legendinunknown"]
[Black "CheckThis4"]
[Result "1-0"]
[WhiteElo "2672"]
[BlackElo "2548"]
[TimeControl "180+1"]
[EndTime "11:55:46 PST"]
[Termination "Legendinunknown won on time"]

1. d4 d5 2. c4 e6 3. Nc3 Nf6 4. Nf3 Nbd7 5. Bg5 c6 6. e3 Qa5 7. cxd5 Nxd5 8. Qd2 Bb4 9. Rc1 Nxc3 10. bxc3 Ba3 11.
Rb1 e5 12. Bd3 O-O 13. O-O Re8 14. Qc2 h6 15. Bh4 Bd6 16. Bg3 Qc7 17. Bf5 exd4 18. cxd4 Bxg3 19. hxg3 Nf6 20. Ne5 Bxf5 21. Qxf5 c5 22.
Rfc1 b6 23. Nf3 Rad8 24. dxc5 Rd5 25. Qf4 Qxf4 26. gxf4 Rxc5 27. Rxc5 bxc5 28. Ne5 Rc8 29. f3 Nd5 30. Kf2 c4 31. Rc1 c3 32. Ke2 f6 33.
Nd3 Kf7 34. e4 Nb6 35. Rc2 Na4 36. Ke3 Ke6 37. Nc1 Rb8 38. Ne2 Rb2 39. Kd3 Rb8 40.
Nxc3 Rd8+ 41. Ke3 Rc8 42. Kd2 Rd8+ 43. Kc1 Nc5 44. Rd2 Nd3+ 45. Kd1 Rd7 46. g3 Nf2+ 47. Ke2 Rxd2+ 48. Kxd2 Nh1 49. Ne2 g5 50. f5+ Ke5 51.
Ke3 h5 52. f4+ Kd6 53. Kf3 h4 54. gxh4 gxh4 55. Kg2 1-0

[Event "*** Titled Tuesday Blitz"]
[Site "Chess.com"]
[Date "2020.12.01"]
[Round "10"]
[White "Ladislav1969"]
[Black "26andrej26"]
[Result "1/2-1/2"]
[WhiteElo "2378"]
[BlackElo "2491"]
[TimeControl "180+1"]
[EndTime "11:55:46 PST"]
[Termination "Game drawn by repetition"]

1. e4 c5 2. d4 cxd4 3. c3 Nf6 4. e5 Nd5 5. Nf3 Nc6 6. Bc4 Nb6 7. Bb3 d6 8. exd6 Qxd6 9. O-O Be6 10. Bxe6 Qxe6 11. Nxd4 Nxd4 12. Qxd4 Rd8 13. Qh4 h6 14. Na3 Qf6 15. Qg3 Qg6 16. Qxg6 fxg6 17. Nb5 a6 18. Nd4 Kf7 19. Re1 e5 20. Rxe5 Bd6 21. Re1 Rhe8 22. Be3 Nc4 23. b3 Nxe3 24. Rxe3 Ba3 25. Rae1 Rxe3 26.
Rxe3 Bb2 27. Kf1 b5 28. Rf3+ Kg8 29. Rd3 b4 30. Ke2 Bxc3 31. Nc2 Re8+ 32. Kd1 a5 33.
Rd5 Ra8 34. Ke2 a4 35. Kd3 axb3 36. axb3 Rc8 37. f3 g5 38. Rb5 Rd8+ 39. Kc4 Rd2 40. Nxb4 Bxb4 41. Rxb4 Rxg2 42. Rb8+ Kf7 43. b4 Rxh2 44.
b5 Rb2 45. b6 Kg6 46. Kd4 h5 47. Ke4 Rb5 48. Ke3 Rb4 49. b7 Kh7 50. Kf2 g6 51.
Kg3 Kg7 52. Kh3 Kh7 53. Kg3 Kg7 54. Kh3 Rb6 55. Kg3 Kh7 56. Kh3 Rb4 57. Kg3 1/2-1/2

[Event "*** Titled Tuesday Blitz"]
[Site "Chess.com"]
[Date "2020.12.01"]
[Round "10"]
[White "Gerasimenyuk_Miha"]
[Black "PotapovaM"]
[Result "0-1"]
[WhiteElo "2425"]
[BlackElo "2581"]
[TimeControl "180+1"]
[EndTime "11:55:46 PST"]
[Termination "PotapovaM won by resignation"]

1. d4 Nf6 2. Nf3 e6 3. Bg5 h6 4.
Bf4 d6 5. e3 g5 6. Bg3 Qe7 7.
Nbd2 Nbd7 8. c3 Bg7 9. Bd3 Nh5 10. Qc2 b6 11. a4 a5 12. O-O Bb7 13. Rae1 O-O 14. e4 e5 15. h4 Nf4 16. hxg5 hxg5 17.
Bxf4 gxf4 18. g3 Nf6 19. Nh4 Bc8 20. Nf5 Bxf5 21. exf5 Nh5 22. Qd1 Qg5 23. Ne4 Qh6 24. g4 Nf6 25. g5 Qh4 26. gxf6 Bh6 27. Kg2 Kh7 28. Rh1 Rg8+ 29. Ng3 Rxg3+ 30. fxg3 Qxg3+ 31. Kf1 Rg8 32. Qe2 Rg5 33. Be4 d5 34. Qh2 Qxh2 35.
Rxh2 dxe4 36. Rxe4 exd4 37. Re7 Rxf5 38. Rxf7+ Kg6 39.
Rxc7 dxc3 40. bxc3 Rxf6 41. Kf2 f3 42. Rh3 Bf4 43.
Rxf3 Bxc7 44. Rxf6+ Kxf6 45. Ke3 Ke5 46. Kd3 Kd5 47.
c4+ Kc5 48. Kc3 Be5+ 0-1

[Event "*** Titled Tuesday Blitz"]
[Site "Chess.com"]
[Date "2020.12.01"]
[Round "10"]
[White "SanchezKelvin"]
[Black "MillyNeuf"]
[Result "1-0"]
[WhiteElo "2471"]
[BlackElo "2329"]
[TimeControl "180+1"]
[EndTime "11:55:46 PST"]
[Termination "SanchezKelvin won by checkmate"]

1. e4 c5 2. Nf3 d6 3. d4 cxd4 4. Nxd4 Nf6 5. Nc3 g6 6. f3 Bg7 7. Be3 O-O 8. Qd2 Nc6 9. Bc4 Bd7 10. h4 Rc8 11. Bb3 a5 12. Ndb5 Ne5 13. Qe2 Nh5 14. Qf2 a4 15. Bxa4 Nc4 16. Bc1 Qa5 17. Qa7 Bxc3+ 18.
bxc3 Qxa7 19. Nxa7 Bxa4 20. Nxc8 Rxc8 21. g4 Ng7 22. Rh2 h5 23. gxh5 Nxh5 24. Rb1 Ne5 25. Rf2 Rxc3 26. Rxb7 Ng3 27. Bb2 Nxf3+ 28. Kd1 Nxe4 29.
Rb8+ Kh7 30. Rxf3 Bxc2+ 31. Kc1 d5 32. Bxc3 Nxc3 33. Rxc3 Bf5 34. a4 Kg7 35. a5 d4 36.
Rc4 Be4 37. Rxd4 Bf3 38. a6 Bg2 39. a7 Kf6 40. a8=Q Bxa8 41. Rxa8 e5 42. Rb4 Kf5 43. Kd2 f6 44. Ke2 g5 45. Kf2 gxh4 46. Rxh4 Kg5 47.
Rb4 Kf5 48. Rf8 Kg5 49. Kf3 Kf5 50. Rxf6+ Kxf6 51. Ke4 Kg5 52. Kxe5 Kg6 53. Rg4+ Kh5 54. Rg1 Kh4 55. Kf5 Kh3 56. Kf4 Kh2 57. Rg8 Kh3 58.
Rg7 Kh2 59. Kf3 Kh1 60. Kf2 Kh2 61.
Rh7# 1-0

[Event "*** Titled Tuesday Blitz"]
[Site "Chess.com"]
[Date "2020.12.01"]
[Round "10"]
[White "Sebastian"]
[Black "sergiochess83"]
[Result "1-0"]
[WhiteElo "2953"]
[BlackElo "2803"]
[TimeControl "180+1"]
[EndTime "11:55:47 PST"]
[Termination "Sebastian won on time"]

1. e4 c5 2. Nf3 d6 3. d4 cxd4 4. Nxd4 Nf6 5. Nc3 a6 6. Bg5 Nbd7 7. Bc4 Qb6 8. Bb3 e6 9. Qd2 Nc5 10. Bxf6 gxf6 11. O-O-O Bd7 12. Kb1 O-O-O 13. f4 Kb8 14.
Rhf1 Be7 15. Rf3 h5 16. a3 Rc8 17. Ba2 Na4 18. Nxa4 Bxa4 19. Bb3 Bd7 20. f5 d5 21. fxe6 fxe6 22. exd5 e5 23. Nf5 Bc5 24. g3 a5 25. a4 Rhe8 26. d6 e4 27. Rf4 e3 28.
Qe2 Re5 29. Ne7 Rd8 30. Nd5 Qc6 31. Nxf6 Be6 32. Bc4 Rxd6 33. Rxd6 Qxd6 34. Bd3 Qc6 35. Nxh5 Qd5 36. c4 Qd7 37. Nf6 Qxa4 38. Nd5 Qc6 39. Nc3 Bb4 40. Nb5 Qc5 41. h4 Bd7 42. g4 Bxb5 43. cxb5 Qd6 44. Re4 Bc5 45. Rxe5 Qxe5 46. Qc2 Bd4 47. Be2 Qg3 48. h5 Qe1+ 49. Ka2 Qb4 50. h6 a4 51. g5 Qd6 52. g6 Qe6+ 53. Bc4 Qg4 54. g7 a3 55. g8=Q+ 1-0

[Event "*** Titled Tuesday Blitz"]
[Site "Chess.com"]
[Date "2020.12.01"]
[Round "10"]
[White "FairChess_on_YouTube"]
[Black "Oleksandr_Bortnyk"]
[Result "1-0"]
[WhiteElo "3007"]
[BlackElo "2884"]
[TimeControl "180+1"]
[EndTime "11:55:49 PST"]
[Termination "FairChess_on_YouTube won by resignation"]

1. e4 Nf6 2. Nc3 d5 3. e5 Nfd7 4. d4 c5 5. e6 fxe6 6. Nf3 Nc6 7.
Bb5 Qb6 8. Be3 c4 9. O-O a6 10. Bxc6 Qxc6 11. Bf4 g6 12. Be5 Nf6 13. Ng5 Bg7 14. Qf3 Bd7 15. a4 O-O 16. Qh3 h6 17.
Nf3 g5 18. Nd2 Be8 19. f4 g4 20. Qh4 Bg6 21. Rac1 Bf5 22. Nd1 Qxa4 23. c3 Qe8 24.
Ne3 Qg6 25. Rfe1 b5 26. Ndf1 a5 27. Ng3 b4 28. Re2 Bd3 29. Rf2 Bf5 30. Re1 bxc3 31. bxc3 a4 32. Ra2 a3 33. Rea1 Ra5 34. Rxa3 Rxa3 35. Rxa3 Re8 36. Ra7 Kf8 37. Ngf1 Rd8 38. Qe1 Re8 39. Ng3 Ne4 40. Nxe4 Bxe4 41. Bxg7+ Kxg7 42. Qh4 Kf7 43. Nxg4 Kg7 44. Rxe7+ Rxe7 45. Qxe7+ Kh8 46.
Qf8+ Qg8 47. Qxh6+ Bh7 48. Nf6 Qg7 49. Qxg7+ Kxg7 50.
Nxh7 Kxh7 51. g4 Kg6 52. Kg2 Kf6 53. Kg3 Kg6 54. h4 Kh6 55. h5 e5 56. fxe5 Kg5 57.
Kf3 Kh6 58. Kf4 Kg7 59. g5 Kf7 60. Kf5 Kg7 61. h6+ Kh7 62. e6 1-0

[Event "*** Titled Tuesday Blitz"]
[Site "Chess.com"]
[Date "2020.12.01"]
[Round "10"]
[White "scarabee43"]
[Black "MartinMatthiesen"]
[Result "0-1"]
[WhiteElo "2555"]
[BlackElo "2424"]
[TimeControl "180+1"]
[EndTime "11:55:50 PST"]
[Termination "MartinMatthiesen won by checkmate"]

1. Nf3 d5 2. e3 Nf6 3. c4 c6 4.
Nc3 Bg4 5. cxd5 Bxf3 6. Qxf3 cxd5 7. d4 Nc6 8. Bd3 e6 9. O-O Bd6 10. Bd2 O-O 11. Qh3 g6 12. f4 Kg7 13. Rf3 Ne7 14. Raf1 h5 15. Be1 Nf5 16. Bh4 Nxh4 17. Qxh4 Rc8 18. Rg3 Bb4 19. Ne2 Ng4 20. Qxd8 Rfxd8 21. h3 Nf6 22. f5 exf5 23. Bxf5 Rc7 24. Nf4 h4 25. Rg5 Kh6 26. Ne6 gxf5 27. Rgxf5 fxe6 28. Rxf6+ Kg7 29. Rxe6 Re7 30. Rxe7+ Bxe7 31. Rf5 Bb4 32.
Kf2 Rf8 33. Rxf8 Kxf8 34. g4 hxg3+ 35. Kxg3 Kf7 36. Kf4 Kf6 37. e4 Bd2+ 38. Kf3 dxe4+ 39.
Kxe4 Ke6 40. h4 Kd6 41. Kd3 Bc1 42. Kc2 Bh6 43. Kd3 Kd5 44. b4 b5 45. Kc3 Bg7 46.
Kb3 Bxd4 47. a4 a6 48. axb5 axb5 49. h5 Bg7 50. Kc2 Kc4 51. Kd2 Kxb4 52. Kc2 Kc4 53. Kb1 b4 54. Kc2 b3+ 55. Kc1 Kc3 56. Kb1 b2 57. Ka2 Kc2 58. Ka3 b1=Q 59. Ka4 Bc3 60. h6 Qb4# 0-1

[Event "*** Titled Tuesday Blitz"]
[Site "Chess.com"]
[Date "2020.12.01"]
[Round "10"]
[White "onetowin"]
[Black "cukin84"]
[Result "1/2-1/2"]
[WhiteElo "2015"]
[BlackElo "2165"]
[TimeControl "180+1"]
[EndTime "11:55:51 PST"]
[Termination "Game drawn by repetition"]

1. d4 f5 2. Nf3 Nf6 3. g3 g6 4.
Bg2 Bg7 5. O-O d6 6. c4 O-O 7. Nc3 Qe8 8. b3 c6 9. Re1 e5 10. dxe5 dxe5 11. Ba3 Rf7 12. Bd6 e4 13. Nd4 Nbd7 14. c5 Ng4 15. b4 b6 16. Qd2 bxc5 17.
bxc5 Nde5 18. h3 Nc4 19. Qc2 Bxd4 20. hxg4 fxg4 21. e3 Bg7 22. Nxe4 Be6 23. Ng5 Nxd6 24. cxd6 Rf5 25. Nxe6 Qxe6 26. Qxc6 Rc8 27. d7 Qxc6 28. Bxc6 Rd8 29. Rac1 Bf6 30. Be4 Re5 31. Bc6 Kf8 32. Red1 Ke7 33. Ba4 Ra5 34. Rc4 h5 35. Rb4 Rc5 36. Rb7 Rc4 37. Bb3 Rc5 38. Rxa7 Be5 39.
Rb7 g5 40. Rb4 Kf6 41. Rb6+ Ke7 42. Rb4 Bd6 43. Rbd4 Rxd7 44. Rd5 Rxd5 45. Rxd5 h4 46. gxh4 gxh4 47. Rg5 g3 48. fxg3 hxg3 49. Kg2 Rc7 50. Rg7+ Kf6 51. Rxc7 Bxc7 52. Bc2 Ke6 53. e4 Kd7 54.
Kf3 Kc6 55. Bb3 Kc5 56. Bd5 Kd4 57. Kg2 Bd6 58. Kf3 Be5 59. Kg2 Ke3 60. Bc6 Kf4 61. Bd5 Bd4 62. Bc6 Bc5 63. Bd5 Bd4 64. Bc6 Bc5 65. Bd5 Bd4 1/2-1/2

[Event "*** Titled Tuesday Blitz"]
[Site "Chess.com"]
[Date "2020.12.01"]
[Round "10"]
[White "Gurvich_Vitaly"]
[Black "RD4ever"]
[Result "1/2-1/2"]
[WhiteElo "2617"]
[BlackElo "2809"]
[TimeControl "180+1"]
[EndTime "11:55:52 PST"]
[Termination "Game drawn by repetition"]

1. e4 c5 2. Nf3 Nc6 3. Bb5 g6 4. Bxc6 dxc6 5. d3 Bg7 6. Qe2 Nf6 7. Nc3 Nd7 8. Be3 e5 9. a4 a5 10. h4 h6 11. h5 g5 12. Nd2 b6 13. Nf1 Nf8 14.
g4 Ne6 15. Ng3 Nd4 16. Bxd4 exd4 17. Nd1 Be5 18. Nf5 Be6 19. b3 c4 20. bxc4 Bxc4 21.
dxc4 d3 22. cxd3 Bxa1 23. Nde3 Bc3+ 24. Kf1 Qf6 25. Kg2 O-O-O 26. Rb1 Kc7 27. Qc2 Rd7 28. Rb3 Bd4 29. Nf1 Rhd8 30. N1g3 Bc5 31. Ne2 Re8 32.
Neg3 Re6 33. Qd1 Qe5 34. Qe2 Qf4 35. Rb1 Bf8 36. d4 Bb4 37. Qc2 Qxg4 38. d5 Rf6 39.
Qd3 Rxf5 40. exf5 Bd6 41. Qc3 Bxg3 42. fxg3 Re7 43. Rb2 Re2+ 44. Rxe2 Qxe2+ 45. Kg1 Qd1+ 46. Kg2 Qe2+ 47. Kg1 Qxh5 48. Qe5+ Kb7 49. Qe7+ Ka6 50. Qe8 Qd1+ 51. Kg2 Qc2+ 52. Kg1 Qb1+ 53. Kg2 Qc2+ 54. Kg1 Qc1+ 55. Kg2 Qd2+ 56. Kg1 Qc1+ 57. Kg2 Qc2+ 1/2-1/2

[Event "*** Titled Tuesday Blitz"]
[Site "Chess.com"]
[Date "2020.12.01"]
[Round "10"]
[White "AlexeiShirov"]
[Black "Gloomy_Wanderer"]
[Result "0-1"]
[WhiteElo "2837"]
[BlackElo "2722"]
[TimeControl "180+1"]
[EndTime "11:55:53 PST"]
[Termination "Gloomy_Wanderer won by resignation"]

1. e4 e5 2. Nf3 Nc6 3. Bb5 a6 4. Ba4 Nf6 5. O-O Be7 6. Re1 b5 7. Bb3 O-O 8. h3 d6 9. c3 Nb8 10. d4 Nbd7 11. c4 c6 12. Nc3 b4 13. Ne2 Nxe4 14.
Qc2 f5 15. c5+ d5 16. dxe5 Ndxc5 17. Ned4 Bb7 18. Bf4 a5 19. Ba4 Qb6 20. Rad1 Nxa4 21. Qxa4 c5 22. Qd7 cxd4 23. Qxe7 Rae8 24. Qh4 h6 25. Qh5 d3 26. Be3 Qa6 27. Bd4 Bc8 28. Nh4 Kh7 29. e6 Rxe6 30. Nxf5 d2 31. Re3 Rg6 32.
Nh4 Rg5 33. Qe2 Qc6 34. f3 Ba6 35. Rd3 Bxd3 36. Qxd3 Qc4 37. Rxd2 Qxd3 38. Rxd3 Nd6 39. Re3 Nf5 40. Nxf5 Rgxf5 41. Re6 R5f7 42. Rd6 Rc8 43.
Rxd5 Rc1+ 44. Kh2 Rd1 45. Kg3 Rc7 46. Kf4 Rd2 47. g4 Re7 48. h4 Rd3 49. g5 Rf7+ 50. Kg4 Rdxf3 51. g6+ Kxg6 52. h5+ Kh7 53. Be5 R3f5 54.
Rxa5 Rg5+ 55. Kh4 Rff5 56. Rb5 Rxe5 57. Rxb4 Rxh5+ 0-1

[Event "*** Titled Tuesday Blitz"]
[Site "Chess.com"]
[Date "2020.12.01"]
[Round "10"]
[White "dopolian"]
[Black "GothamChess"]
[Result "0-1"]
[WhiteElo "2430"]
[BlackElo "2582"]
[TimeControl "180+1"]
[EndTime "11:55:54 PST"]
[Termination "GothamChess won on time"]

1. e4 e5 2. Nf3 Nf6 3. Nxe5 Nc6 4.
Nxc6 dxc6 5. d4 Nxe4 6. Be3 Bf5 7.
Bd3 Qd7 8. Nc3 Bb4 9. Bd2 Nxd2 10. Qxd2 Be6 11. a3 Ba5 12. Be4 O-O-O 13. O-O-O Rhe8 14. Rhe1 Bb6 15. d5 cxd5 16. Bxd5 Bg4 17. f3 Be6 18. Bxe6 Rxe6 19. Rxe6 fxe6 20. Qg5 Bd4 21. Kb1 Bf6 22. Rxd7 Bxg5 23. Rxg7 h6 24. Ne4 Rd1+ 25. Ka2 Bf4 26. g3 Be5 27. Rg6 b6 28. Rxe6 Bd4 29. Rxh6 a5 30. c3 Be3 31. a4 Bxh6 32. f4 Re1 33. Nf6 Re2 34. Ng4 Rf2 35. Nxh6 Rxh2 36. Nf5 Rh1 37. Nd4 Kd7 38. g4 Rf1 39. f5 Rg1 40.
Nf3 Rg3 41. Ne5+ Kd6 42. Nf7+ Ke7 43. Nh6 Rh3 44. g5 Rh5 45. f6+ Ke6 46. f7 Ke7 47.
Ng8+ Kxf7 48. Nf6 Rxg5 49. Ne4 Rg4 50. Nd2 Rxa4+ 51. Kb3 Rh4 52. Nc4 Ke6 53. Na3 Kd5 54. Nb5 Kc6 55. Nd4+ Rxd4 56. cxd4 Kd5 57. Kc3 b5 58. b3 Ke4 0-1

[Event "*** Titled Tuesday Blitz"]
[Site "Chess.com"]
[Date "2020.12.01"]
[Round "10"]
[White "VladaSviridova"]
[Black "IMVoja"]
[Result "1-0"]
[WhiteElo "2321"]
[BlackElo "2422"]
[TimeControl "180+1"]
[EndTime "11:55:54 PST"]
[Termination "VladaSviridova won by resignation"]

1. d4 e6 2. c4 f5 3. Nf3 Nf6 4. g3 d5 5. Bg2 c6 6. Nc3 Bd6 7. O-O O-O 8. Qc2 b6 9. cxd5 cxd5 10. Nb5 Ba6 11. Nxd6 Qxd6 12. Bf4 Qe7 13. Rfc1 Nbd7 14. e3 Rfc8 15. Qa4 Bd3 16. Ne1 Be2 17. Rc2 b5 18.
Rxc8+ Rxc8 19. Qa6 Nb6 20. a4 Qd7 21. axb5 Bxb5 22. Qa5 Nc4 23. Qa2 a6 24. b3 Nb6 25.
Nc2 Ne4 26. Na3 Nc3 27. Qd2 Ne2+ 28. Kh1 Nxf4 29. gxf4 Qc6 30. Rg1 Qc3 31. Qxc3 Rxc3 32.
Nxb5 axb5 33. Rb1 b4 34. Bf3 Kf7 35. Kg2 Rc2 36. h4 g6 37. Bd1 Rd2 38. Kf1 Kf6 39. Ke1 Ra2 40. Be2 h6 41. Kf1 g5 42. hxg5+ hxg5 43. fxg5+ Kxg5 44. f4+ Kh4 45. Kf2 Rxe2+ 46. Kxe2 Kg3 47. Rg1+ Kh4 48. Rg6 Nc4 49. bxc4 dxc4 50. Rxe6 b3 51. Rb6 Kg3 52. d5 Kg4 53. d6 b2 54. Rxb2 c3 55. Rc2 Kg3 56. Rxc3 Kg4 57. d7 Kg3 58. d8=Q 1-0

[Event "*** Titled Tuesday Blitz"]
[Site "Chess.com"]
[Date "2020.12.01"]
[Round "10"]
[White "Micki-taryan"]
[Black "GukeshDommaraju"]
[Result "0-1"]
[WhiteElo "3005"]
[BlackElo "2909"]
[TimeControl "180+1"]
[EndTime "11:55:56 PST"]
[Termination "GukeshDommaraju won by resignation"]

1. Nf3 d5 2. d4 Nf6 3. c4 e6 4. Nc3 Be7 5. Bg5 O-O 6. Qc2 Nbd7 7. cxd5 exd5 8. e3 c6 9. Bd3 Re8 10. O-O Ne4 11. Bxe4 dxe4 12. Nxe4 Bxg5 13. Nexg5 Nf8 14. Qb3 Qf6 15. Qd3 Bf5 16. e4 Bg6 17. Qe3 h6 18. e5 Qf5 19. Nh3 Ne6 20. Nh4 Qg4 21. Nxg6 fxg6 22. f4 Rad8 23. Rad1 Kh7 24. Rd3 Rf8 25.
Rf3 g5 26. Nf2 gxf4 27. Qd2 Qf5 28. g4 Qg6 29. h4 Rd5 30. a3 Rfd8 31. Rxf4 Nxf4 32.
Qxf4 c5 33. b4 Rxd4 34. Rxd4 Rxd4 35. Qe3 b6 36. Qc3 Qe6 37. bxc5 bxc5 38. Qxc5 Rd5 39. Qc2+ Kg8 40. Qe4 Rxe5 41. Qa8+ Kh7 42. Qxa7 Re1+ 43. Kg2 Qd5+ 44. Kh2 Qe5+ 45. Kg2 Qd5+ 46. Kh2 Qf3 47. Qd4 Re2 48. Kg1 Re1+ 49. Kh2 Rf1 50. Qe4+ Qxe4 51. Nxe4 Rf4 52. Nc5 Rxg4 53. Kh3 Rc4 54. Ne4 Rxe4 0-1

[Event "*** Titled Tuesday Blitz"]
[Site "Chess.com"]
[Date "2020.12.01"]
[Round "10"]
[White "MarcoRiehle"]
[Black "kuban1991"]
[Result "1-0"]
[WhiteElo "2699"]
[BlackElo "2810"]
[TimeControl "180+1"]
[EndTime "11:55:56 PST"]
[Termination "MarcoRiehle won on time"]

1. e4 e6 2. c4 d5 3. cxd5 exd5 4. Qb3 Nf6 5. e5 Ne4 6. Nc3 Nxc3 7. bxc3 Be7 8. Ba3 O-O 9. Bxe7 Qxe7 10. Qxd5 Nc6 11. d4 Be6 12. Qe4 Qa3 13. Qc2 f6 14. Bd3 fxe5 15. Ne2 exd4 16. Bxh7+ Kh8 17. O-O dxc3 18. Be4 Nb4 19. Qxc3 Qxc3 20. Nxc3 c6 21. Rfb1 Nd5 22. Bxd5 cxd5 23. Nb5 Rac8 24. Nd4 Bg8 25. Rxb7 Rc4 26. Rd1 Ra4 27. Rd2 Rf4 28. Nf3 d4 29.
h3 Bxa2 30. Ng5 Bg8 31. Rb8 Rf5 32. h4 g6 33. Re2 Kg7 34. Re7+ Bf7 35. Rbb7 Ra1+ 36.
Kh2 Rxf2 37. Rxf7+ Rxf7 38. Rxf7+ Kg8 39. Rd7 Ra4 40.
Ne6 d3 41. g3 Ra3 42. Kh3 a5 43. Kg4 a4 44. Kg5 d2 45. Kxg6 Rxg3+ 46. Ng5 Kf8 47. Rxd2 a3 48. Rd8+ Ke7 49. Ra8 Rb3 50. h5 Rb6+ 51.
Kg7 Ra6 52. Rxa6 1-0

[Event "*** Titled Tuesday Blitz"]
[Site "Chess.com"]
[Date "2020.12.01"]
[Round "10"]
[White "Mbneu"]
[Black "AquivaRubinstein"]
[Result "1-0"]
[WhiteElo "2334"]
[BlackElo "2464"]
[TimeControl "180+1"]
[EndTime "11:55:56 PST"]
[Termination "Mbneu won by resignation"]

1. d4 Nf6 2. c4 c5 3. d5 e6 4. Nc3 exd5 5. cxd5 d6 6. e4 g6 7. f4 Bg7 8. Nf3 O-O 9. Be2 Bg4 10. e5 Nfd7 11. e6 Nf6 12. O-O fxe6 13. Ng5 Bxe2 14. Qxe2 Qe7 15. Nxe6 Re8 16. f5 Nbd7 17. fxg6 hxg6 18.
Bg5 Ne5 19. Ne4 Ned7 20. Nxf6+ Bxf6 21. Rxf6 Nxf6 22. Rf1 Rf8 23. Qd3 Kh7 24. Qh3+ Kg8 25. Qh6 Qh7 26. Nxf8 Rxf8 27. Qxh7+ Nxh7 28. Be7 Re8 29.
Bxd6 Rd8 30. Bxc5 b6 31. Bd4 Rxd5 32. Bc3 b5 33. h4 a6 34. a3 Rd6 35. Rf4 Re6 36.
Kh2 Nf8 37. Rf6 Rxf6 38. Bxf6 Kf7 39. Bc3 Ne6 40. g4 Nc5 41. Kg3 Ne4+ 42. Kf4 Nf2 43.
h5 gxh5 44. gxh5 Nd3+ 45. Kg5 Kg8 46. h6 Kh7 47. Bg7 Ne1 48. Kf5 Nf3 49. Ke6 Nd2 50. Kd7 Nc4 51. Kc6 Nxb2 52. Bxb2 Kxh6 53. Kb6 Kg6 54.
Kxa6 Kf7 55. Kxb5 Ke7 56. Kb6 Kd7 57. Kb7 Kd6 58. a4 Kc5 59. a5 Kb5 60. a6 1-0

[Event "*** Titled Tuesday Blitz"]
[Site "Chess.com"]
[Date "2020.12.01"]
[Round "10"]
[White "Tssunami"]
[Black "LuckSlayeer"]
[Result "1-0"]
[WhiteElo "2449"]
[BlackElo "2570"]
[TimeControl "180+1"]
[EndTime "11:55:59 PST"]
[Termination "Tssunami won by checkmate"]

1. Nf3 Nf6 2. d4 e6 3. Bg5 Be7 4. e3 h6 5. Bh4 d5 6. Bd3 b6 7.
Nbd2 Bb7 8. O-O O-O 9. c4 c5 10. Rc1 cxd4 11. exd4 dxc4 12. Nxc4 Nc6 13. Nce5 Rc8 14.
Nxc6 Rxc6 15. Rxc6 Bxc6 16. Ne5 Bb7 17. Bc4 Nd7 18. Bxe7 Qxe7 19. Qg4 Nf6 20. Qh4 Qb4 21. b3 b5 22. Bd3 Rd8 23. Ng4 Qxd4 24. Nxf6+ gxf6 25. Qg3+ Kf8 26. Bxb5 Qd5 27. Bc4 Qc6 28. h3 Ke7 29. a4 h5 30. h4 a6 31. Re1 Rd4 32. f3 Qc5 33. Kh2 Bd5 34. Bxd5 Rxd5 35. Re4 Rd7 36. Qb8 Qf5 37. Qb4+ Ke8 38. Qc4 Kf8 39.
Qxa6 Rd1 40. Qe2 Ra1 41. Qf2 Kg7 42. Qg3+ Kh7 43. Rf4 Qe5 44. Re4 Qxg3+ 45. Kxg3 Rb1 46. a5 Rxb3 47. Ra4 Rb7 48. a6 Ra7 49. Kf4 Kg7 50. Ke4 f5+ 51. Kd4 Kf6 52. Kc5 Ke5 53. Kb6 Ra8 54. Kb7 Rg8 55. a7 f4 56. Rc4 Kf5 57. Rc8 Rxg2 58. a8=Q Rb2+ 59. Kc6 Rc2+ 60. Kd7 Rd2+ 61.
Ke7 e5 62. Qe4# 1-0

[Event "*** Titled Tuesday Blitz"]
[Site "Chess.com"]
[Date "2020.12.01"]
[Round "10"]
[White "pedromartinez91"]
[Black "ZenBull"]
[Result "0-1"]
[WhiteElo "2451"]
[BlackElo "2241"]
[TimeControl "180+1"]
[EndTime "11:56:00 PST"]
[Termination "ZenBull won by checkmate"]

1. d4 Nf6 2. c4 e6 3. Nc3 Bb4 4. Qc2 O-O 5. Bg5 h6 6. Bh4 d6 7. e3 b6 8. Ne2 Bb7 9. a3 Bxc3+ 10.
Nxc3 Nbd7 11. f3 c5 12. Rd1 Qe7 13. Be2 e5 14. O-O Rfe8 15. Rfe1 Qf8 16. Bd3 Rac8 17.
Bf5 g5 18. Bf2 cxd4 19. exd4 Rxc4 20. Qb3 d5 21. dxe5 Nxe5 22. Bd4 Ned7 23. Ne2 Qd6 24.
Qa2 Nc5 25. b3 Rxd4 26. Nxd4 Ba6 27. Rxe8+ Nxe8 28. Re1 Nf6 29. Qf2 Kg7 30. b4 Ncd7 31. Bd3 Bxd3 32. Qd2 Bg6 33. Qb2 Ne5 34. Nb5 Qc6 35.
Nxa7 Qb7 36. Rxe5 Qxa7 37. Rxd5 Qb7 38. Rd6 Qe7 39. Kf2 b5 40. Qd4 h5 41. Rb6 g4 42.
Rxb5 gxf3 43. gxf3 Kh7 44. Rb8 Ne8 45. Qe3 Qh4+ 46.
Kg1 Ng7 47. Qf2 Qg5+ 48. Qg3 Qe3+ 49. Kg2 Qe2+ 50. Qf2 Qe5 51. Rb6 Qg5+ 52. Qg3 Qd2+ 53. Qf2 Qg5+ 54. Kf1 Bd3+ 55. Ke1 Qc1# 0-1

[Event "*** Titled Tuesday Blitz"]
[Site "Chess.com"]
[Date "2020.12.01"]
[Round "10"]
[White "champ2005"]
[Black "FrostNova"]
[Result "1-0"]
[WhiteElo "3042"]
[BlackElo "3020"]
[TimeControl "180+1"]
[EndTime "11:56:07 PST"]
[Termination "champ2005 won by resignation"]

1. c4 e5 2. Nc3 Nf6 3. g3 d5 4. cxd5 Nxd5 5. Bg2 Nb6 6. Nf3 Nc6 7. O-O Be7 8. Rb1 a5 9. d3 O-O 10. Be3 Be6 11.
Nd2 Nd5 12. Nxd5 Bxd5 13. Bxd5 Qxd5 14. Qb3 Qxb3 15. Nxb3 Rfd8 16. Rfc1 f6 17. Nc5 Bxc5 18. Rxc5 Kf7 19. a3 Rd7 20. b4 axb4 21. axb4 Nd8 22. b5 Ne6 23. Rc2 Rd5 24. f4 exf4 25.
Bxf4 Ra5 26. Bxc7 Raxb5 27. Rbc1 Nd4 28. Ra2 Rd7 29. Kf2 Rf5+ 30. Kg2 Re7 31. Bb6 Nxe2 32. Rcc2 Rfe5 33. Kf3 Rf5+ 34. Kg2 Rfe5 35. Rab2 g5 36. Kf1 Rf5+ 37. Kg2 Rfe5 38. Bf2 Kg6 39. Kf1 Nxg3+ 40. hxg3 Rd5 41. d4 h5 42. Rb6 Kf5 43. Rcb2 Red7 44. Rxb7 Kg4 45. Rxd7 Rxd7 46. Kg2 f5 47. Rb3 Rd5 48.
Rd3 f4 49. gxf4 Kxf4 50. Rf3+ Kg4 51. Rf8 h4 52. Re8 Kf5 53. Kh3 Ra5 54. Be3 Ra3 55.
Re5+ Kf6 56. Kg4 h3 57. Bxg5+ Kg6 58. Bf4 Rd3 59. d5 Kf6 60. Rh5 Kg6 61. Rg5+ Kf6 62. Rh5 Kg6 63. Rh6+ Kg7 64. d6 Rd4 65. Rxh3 Kf6 66.
Rh6+ Kf7 67. Kf5 1-0

[Event "*** Titled Tuesday Blitz"]
[Site "Chess.com"]
[Date "2020.12.01"]
[Round "10"]
[White "CM_rui"]
[Black "Taktikmonster"]
[Result "1/2-1/2"]
[WhiteElo "2362"]
[BlackElo "2225"]
[TimeControl "180+1"]
[EndTime "11:56:07 PST"]
[Termination "Game drawn - insufficient material"]

1. e4 c5 2. Nf3 d6 3. c4 g6 4. d4 Bg7 5. Nc3 Bg4 6. dxc5 Bxc3+ 7. bxc3 dxc5 8. Qxd8+ Kxd8 9. Ne5 Be6 10. Be3 f6 11. O-O-O+ Ke8 12. Nf3 b6 13. e5 Nc6 14.
exf6 Nxf6 15. Ng5 Bg8 16. g3 Ne5 17. Bg2 Rc8 18. Bd5 Nxc4 19. Bxg8 Rxg8 20. Bf4 h6 21. Ne6 Kf7 22. Rhe1 g5 23. Bc7 Ng4 24. Rd3 Rg6 25. Nd8+ Ke8 26. Ne6 Rxe6 27. Rxe6 Rxc7 28. f3 Nge5 29.
Rd5 Nxf3 30. Rxh6 Nfe5 31. Rh5 g4 32. Rhxe5 Nxe5 33. Rxe5 Rd7 34. Re4 Rd3 35. Kc2 Rf3 36.
Rxg4 Rf2+ 37. Kb3 Rxh2 38. Rg8+ Kd7 39. Ra8 a5 40. a4 Rh3 41. Rg8 e5 42. Kc4 Ke6 43.
Kb5 Kd5 44. c4+ Kd4 45. Rg4+ e4 46. Kxb6 Kd3 47. Kxc5 e3 48. Kd5 e2 49. Rd4+ Ke3 50. Re4+ Kf2 51. Rf4+ Kxg3 52. Re4 Kf2 53. c5 e1=Q 54.
Rxe1 Kxe1 55. c6 Kd2 56. c7 Rh8 57. Kc6 Kc3 58. Kb5 Rh5+ 59. Kb6 Rh8 60. Kxa5 Kc4 61. Kb6 Kd5 62. Kb7 Kd6 63. c8=Q Rxc8 64. Kxc8 Kc6 65. a5 Kb5 66. a6 Kxa6 1/2-1/2

[Event "*** Titled Tuesday Blitz"]
[Site "Chess.com"]
[Date "2020.12.01"]
[Round "10"]
[White "OlifantCZ"]
[Black "Aborigen_came"]
[Result "0-1"]
[WhiteElo "2261"]
[BlackElo "2720"]
[TimeControl "180+1"]
[EndTime "11:56:08 PST"]
[Termination "Aborigen_came won by checkmate"]

1. c4 e5 2. g3 Nf6 3. Bg2 c6 4. d4 exd4 5. Qxd4 d5 6. cxd5 cxd5 7. Nf3 Nc6 8. Qa4 Be7 9. O-O O-O 10. Nc3 Qb6 11. b3 Be6 12. e3 Nb4 13. Qb5 Rfc8 14. Qxb6 axb6 15. Bd2 Nd7 16. Nd4 Bf6 17. Rfc1 Ne5 18.
Ne4 Rxc1+ 19. Rxc1 dxe4 20. Bxb4 Nd3 21. Nxe6 Nxc1 22.
Nc7 Rxa2 23. Bxe4 Rb2 24. Bd5 Nd3 25. Ba3 Ra2 26. Bd6 Nxf2 27. Bxb7 Nd1 28. Nd5 Ba1 29. Nxb6 Nxe3 30. Bc5 Nc2 31. b4 Bd4+ 32. Bxd4 Nxd4 33. Nd5 Rb2 34. h4 Kf8 35. Kf1 Nc2 36. Bc6 Nxb4 37. Nxb4 Rxb4 38. Kf2 Rb3 39. Bd5 Ra3 40. Be4 g6 41.
Kg2 Kg7 42. Bd5 f5 43. Be6 Kf6 44. Bg8 h6 45. Bc4 g5 46. hxg5+ hxg5 47. Bd5 Ke5 48. Bc6 f4 49. gxf4+ Kxf4 50. Bb7 g4 51. Bc6 g3 52.
Bb7 Rc3 53. Bd5 Re3 54. Bc4 Re5 55. Ba6 Re7 56. Bb5 Rg7 57. Bc6 Rc7 58. Ba8 Rc5 59.
Bb7 Rc3 60. Ba8 Rc2+ 61. Kg1 Rb2 62. Bc6 Rc2 63. Bb7 Rc3 64. Ba8 Kg4 65. Kg2 Rc2+ 66.
Kg1 Kh3 67. Be4 Rc1# 0-1